 Dungeon Crawl Stone Soup version 0.31-a0-963-ga325b2283a (webtiles) character file.

Game seed: 17135024932253666705

27084 tsujin the Geomancer (level 13, -6/74 HPs)
             Began as a Gargoyle Earth Elementalist on Oct 25, 2023.
             Was a Priest of Vehumet.
             Mangled by a cane toad (18 damage)
             ... on level 4 of the Lair of Beasts.
             The game lasted 01:09:20 (16896 turns).

tsujin the Geomancer (Gargoyle Earth Elementalist) Turns: 16896, Time: 01:09:21

Health: -6/74      AC: 17    Str: 13    XL:     13   Next: 30%
Magic:  5/30       EV: 17    Int: 26    God:    Vehumet [***...]
Gold:   491        SH:  5    Dex: 10    Spells: 28/39 levels left

rFire   + + .        N - +9 whip of the Supporting Gods {protect, rC++ rN++}
rCold   + + .        F - +0 buckler of Prudence {Will++}
rNeg    + + +        m - +2 robe {rF+}
rPois   ∞            (no helmet)
rElec   +            b - +0 cloak {rF+}
rCorr   .            (no gloves)
SInv    .            x - +2 pair of boots
Will    ++...        (no amulet)
Stlth   +++          p - +6 ring of intelligence
HPRegen 0.32/turn    f - +5 ring of evasion
MPRegen 0.22/turn

%: no passive effects
@: no status effects
A: sickness immunity, AC +9, negative energy resistance 1, electricity
resistance, torment resistance 1, petrification resistance
a: Renounce Religion


You were on level 4 of the Lair of Beasts.
You worshipped Vehumet.
Vehumet was most pleased with you.
You visited 3 branches of the dungeon, and saw 16 of its levels.
You also visited: Volcano.

You collected 754 gold pieces.
You spent 263 gold pieces at shops.

Inventory:

Hand Weapons
 N - the +9 whip of the Supporting Gods (weapon) {protect, rC++ rN++}
   (You found it on level 9 of the Dungeon)

   rC++:      It greatly protects you from cold.
   rN++:      It greatly protects you from negative energy.
Missiles
 c - 54 poisoned darts
 y - 3 throwing nets
Armour
 b - a +0 cloak of fire resistance (worn)
 m - a +2 robe of fire resistance (worn)
 x - a +2 pair of boots (worn)
 F - the +0 buckler of Prudence (worn) {Will++}
   (You bought it in a shop on level 4 of the Dungeon)

   Will++:    It greatly increases your willpower.
 K - +0 acid dragon scales
Jewellery
 f - a +5 ring of evasion (right hand)
 g - a ring of flight
 k - a ring of resist corrosion
 o - a ring of magical power
 p - a +6 ring of intelligence (left hand)
 E - a ring of ice
 G - a ring of protection from cold
 I - an amulet of faith
 L - a +6 ring of strength
Talismans
 i - a serpent talisman
Wands
 j - a wand of digging (5)
 r - a wand of flame (4)
 C - a wand of quicksilver (14)
 D - a wand of mindburst (21)
 O - a wand of charming (3)
 Q - a wand of roots (2)
Scrolls
 d - 3 scrolls of fear
 h - 5 scrolls of poison
 l - 2 scrolls of fog
 q - 4 scrolls of vulnerability
 s - 4 scrolls of identify
 t - 4 scrolls of enchant weapon
 u - 3 scrolls of teleportation
 v - a scroll of enchant armour
 H - 2 scrolls of silence
 J - a scroll of blinking
 P - a scroll of brand weapon
 S - a scroll of amnesia
Potions
 a - 2 potions of degeneration
 e - 6 potions of attraction
 n - 6 potions of lignification
 w - 2 potions of resistance
 z - a potion of ambrosia
 A - 3 potions of brilliance
 M - a potion of invisibility
 R - a potion of might


   Skills:
 * Level 5.7 Fighting
 + Level 2.3 Maces & Flails
 + Level 4.2 Dodging
 + Level 5.0 Stealth
 + Level 6.7 Shields
 + Level 13.6 Spellcasting
 + Level 5.5 Conjurations
 + Level 0.7 Transmutations
 + Level 14.6 Earth Magic
 + Level 0.2 Evocations


You had 28 spell levels left.
You knew the following spells:

 Your Spells              Type           Power      Damage    Failure   Level
a - Sandblast             Erth           100%       2d20      0%          1
b - Stone Arrow           Conj/Erth      100%       3d13      1%          3
c - Brom's Barrelling Bo  Conj/Erth      63%        2d8       1%          4
d - Dazzling Flash        Conj/Hex       64%        N/A       1%          3

Your spell library contained the following spells:

 Spells                   Type           Power      Damage    Failure   Level
 Olgreb's Toxic Radiance  Pois           17%        N/A       11%         4
 Passwall                 Tmut/Erth      45%        N/A       1%          2
 Petrify                  Tmut/Erth      55%        N/A       1%          4
 Frozen Ramparts          Ice            34%        1d6       3%          3
 Volatile Blastmotes      Fire/Tloc      34%        2d12      3%          3
 Necrotise                Necr           68%        1d7       4%          1
 Borgnjor's Vile Clutch   Necr/Erth      27%        N/A       5%          5
 Gell's Gravitas          Tloc           17%        N/A       12%         3
 Ozocubu's Armour         Ice            17%        N/A       12%         3
 Teleport Other           Tloc           17%        N/A       12%         3
 Vampiric Draining        Necr           17%        2d7       12%         3
 Starburst                Conj/Fire      16%        6d6       45%         6
 Alistair's Intoxication  Tmut/Pois      12%        N/A       67%         5
 Metabolic Englaciation   Hex/Ice        8%         N/A       73%         5
 Agony                    Necr           17%        N/A       75%         5
 Summon Forest            Summ/Tloc      8%         N/A       75%         5
 Eringya's Noxious Bog    Tmut/Pois      9%         4d6       75%         6
 Dispersal                Tloc           8%         N/A       99%         6
 Ozocubu's Refrigeration  Ice            8%         4d9       100%        7
 Summon Hydra             Summ           8%         N/A       100%        7
 Maxwell's Capacitive Co  Air            8%         ∞         100%        8


Dungeon Overview and Level Annotations

Branches:
Dungeon (11/15)            Temple (1/1) D:6            Lair (4/5) D:10
 Shoals (0/4) Lair:2       Spider (0/4) Lair:3          Orc (0/2) D:9
Volcano (visited)
  Slime: Lair:4-5

Altars:
Ashenzari
Cheibriados
Dithmenos
Elyvilon
Fedhas
Gozag
Hepliaklqana
Kikubaaqudgha
Makhleb
Nemelex Xobeh
Okawaru
Qazlal
Ru
Sif Muna
Trog
Uskayaw
Vehumet
Wu Jian
Xom
Yredelemnul
Zin
The Shining One

Shops:
D:3 *   D:4 [   D:7 *

Annotations:
Lair:1 1 runed translucent door, exclusion: oklob plant
Lair:3 1 runed translucent door, Biped's ghost, journeyman KoFi


Innate Abilities, Weirdness & Mutations

You are immune to sickness and miasma.
Your stone body is resilient. (AC +9)
You are immune to poison.
You resist negative energy. (rN+)
You are resistant to electric shocks. (rElec)
You are resistant to unholy torment.
You are immune to petrification.


Message History

Press: ? - help, Shift-Dir - straight line, f - cane toad
Aim: a cane toad (wandering, hasn't noticed you, 81% to hit)
The stone arrow misses the cane toad.
The cane toad gives a loud, deep croak!
Casting: Stone Arrow (safe; 1% risk of failure)
Confirm with . or Enter, or press ? or * to list all spells.
Aiming: Stone Arrow (safe; 1% risk of failure)
Press: ? - help, Shift-Dir - straight line, f/p - cane toad
Aim: a cane toad (81% to hit)
The stone arrow hits the cane toad!
The cane toad is moderately wounded.
The cane toad completely misses you.
Casting: Stone Arrow (safe; 1% risk of failure)
Confirm with . or Enter, or press ? or * to list all spells.
Aiming: Stone Arrow (safe; 1% risk of failure)
Press: ? - help, Shift-Dir - straight line, f/p - cane toad
Aim: a cane toad (moderately wounded, 81% to hit)
The stone arrow misses the cane toad.
The cane toad stings you.
Casting: Stone Arrow (safe; 1% risk of failure)
Confirm with . or Enter, or press ? or * to list all spells.
Aiming: Sandblast (safe; 0% risk of failure)
Press: ? - help, Shift-Dir - straight line, f/p - cane toad
Aim: a cane toad (moderately wounded, 87% to hit)
The blast of sand hits the cane toad.
The cane toad is heavily wounded.
The cane toad stings you!
* * * LOW HITPOINT WARNING * * *
The cane toad stings you.
* * * LOW HITPOINT WARNING * * *
Casting: Sandblast (safe; 0% risk of failure)
Confirm with . or Enter, or press ? or * to list all spells.
Aiming: Stone Arrow (safe; 1% risk of failure)
Press: ? - help, Shift-Dir - straight line, f/p - cane toad
Aim: a cane toad (heavily wounded, 81% to hit)
The stone arrow hits the cane toad!
The cane toad is severely wounded.
The cane toad stings you!
* * * LOW HITPOINT WARNING * * *
You feel better. The cane toad stings you!!
You die...

#..... ...... #......
S...... . .. .......
..... ### †......
.....##.##.......
P....†F@††.#
#......†..##
#..........#
#.........##
...........#
###+######...#......#
......#.#...........#
.#...#.#..#..#......#
.#.....##...........##


You could see a cane toad.

Vanquished Creatures
  A stone giant (Volcano)
  Josephine (Lair:3)
  2 hydras
  Sonja (D:10)
  An orb spider (Lair:3)
  A cyclops (D:11)
  4 black mambas
  A merfolk siren (Lair:2)
  7 cane toads
  A gargoyle (Volcano)
  A torpor snail (Lair:2)
  4 komodo dragons
  3 rime drakes
  An efreet (Volcano)
  3 merfolk (Lair:2)
  3 trolls (D:11)
  2 polar bears
  7 blink frogs
  2 slime creatures (D:8)
  6 wraiths
  3 shadows
  15 yaks
  8 wyverns
  3 fire elementals (Volcano)
  A steam dragon (D:8)
  4 basilisks
  12 vampire mosquitoes (D:11)
  3 wargs (D:9)
  An acid dragon (D:11)
  12 water moccasins
  A black bear (D:5)
  An ice beast (D:7)
  An orc warrior (D:8)
  5 centaurs
  3 ogres
  4 wolves (Lair:2)
  A phantom (D:7)
  3 kobold brigands
  10 bullfrogs
  A gnoll sergeant (D:8)
  4 scorpions
  An earth elemental (Volcano)
  A wight (D:6)
  4 killer bees (D:10)
  7 howler monkeys
  5 electric eels (D:8)
  A crimson imp (D:11)
  6 hounds
  4 jellies
  3 orc priests
  Jessica (D:3)
  5 iguanas
  2 sleepcaps (D:6)
  3 orc wizards
  Natasha (twice) (D:2)
  16 hell rats (Lair:3)
  4 gnolls
  7 adders
  A shadow imp (D:7)
  3 white imps
  2 ufetubi (D:6)
  A worm (D:4)
  35 orcs
  5 ball pythons
  8 endoplasms
  4 giant cockroaches
  5 goblins
  8 hobgoblins
  15 kobolds
  5 quokkas
  4 bats
  3 frilled lizards
  4 rats
  A spectral kobold (D:3)
324 creatures vanquished.

Vanquished Creatures (collateral kills)
  4 boulders
4 creatures vanquished.

Vanquished Creatures (others)
  2 boulders (Lair:2)
2 creatures vanquished.

Grand Total: 330 creatures vanquished

Notes
Turn   | Place    | Note
-------+----------+-------------------------------------------
     0 | D:1      | tsujin the Gargoyle Earth Elementalist began the quest for
                  | the Orb.
     0 | D:1      | Reached XP level 1. HP: 10/10 MP: 3/3
   360 | D:1      | Reached XP level 2. HP: 15/15 MP: 3/5
   560 | D:1      | Reached skill level 4 in Earth Magic
  1065 | D:2      | Noticed Natasha
  1068 | D:2      | Killed Natasha
  1069 | D:2      | Reached XP level 3. HP: 19/19 MP: 4/7
  1292 | D:2      | Reached XP level 4. HP: 24/24 MP: 4/8
  1361 | D:2      | Noticed Natasha
  1365 | D:2      | Killed Natasha
  1661 | D:3      | Found a hazy altar of Hepliaklqana.
  1833 | D:3      | Noticed Jessica
  1835 | D:3      | Killed Jessica
  1836 | D:3      | Reached XP level 5. HP: 28/28 MP: 6/10
  1842 | D:3      | Learned a level 3 spell: Stone Arrow
  1916 | D:3      | Found Hyimn's Assorted Antiques.
  1932 | D:3      | Bought 2 fuming white potions for 41 gold pieces
  1932 | D:3      | Bought a scroll labelled FIUPSA ECUSIF for 23 gold pieces
  2821 | D:4      | Reached skill level 5 in Earth Magic
  2973 | D:4      | You fall into a shaft and drop 3 floors!
  3001 | D:5      | Entered Level 5 of the Dungeon
  3008 | D:4      | Found Xoammupi's Antique Armour Shop.
  3432 | D:4      | Reached XP level 6. HP: 32/32 MP: 7/12
  3607 | D:4      | Reached skill level 6 in Earth Magic
  3702 | D:4      | Reached skill level 5 in Spellcasting
  3702 | D:4      | Reached XP level 7. HP: 25/36 MP: 7/14
  4081 | D:5      | Reached skill level 7 in Earth Magic
  4288 | D:5      | Reached XP level 8. HP: 41/41 MP: 14/17
  4831 | D:6      | Found a staircase to the Ecumenical Temple.
  4850 | Temple   | Entered the Ecumenical Temple
  5233 | D:6      | Reached skill level 8 in Earth Magic
  5668 | D:6      | Reached skill level 1 in Conjurations
  5956 | D:7      | Found Saaddav's General Store.
  6220 | D:7      | Reached skill level 9 in Earth Magic
  6220 | D:7      | Reached XP level 9. HP: 45/45 MP: 18/20
  6808 | D:4      | Bought a translucent buckler for 199 gold pieces
  6808 | D:4      | Identified the +0 buckler of Prudence {Will++} (You bought
                  | it in a shop on level 4 of the Dungeon)
  7087 | D:8      | Reached skill level 1 in Shields
  7609 | D:8      | Reached skill level 10 in Earth Magic
  8420 | D:9      | Reached XP level 10. HP: 50/50 MP: 15/22
  8434 | D:9      | Learned a level 4 spell: Brom's Barrelling Boulder
  8551 | D:9      | Found a stormy altar of Qazlal.
  8726 | D:9      | Found a radiant altar of Vehumet.
  8726 | D:9      | Found a hide-covered altar of Uskayaw.
  8726 | D:9      | Found a white marble altar of Elyvilon.
  8738 | D:9      | Became a worshipper of Vehumet
  8752 | D:9      | Found a bloodstained altar of Trog.
  8817 | D:9      | Identified the +9 whip of the Supporting Gods {protect,
                  | rC++ rN++}
  8849 | D:9      | Reached skill level 11 in Earth Magic
  8938 | D:9      | Found a staircase to the Orcish Mines.
  9465 | D:10     | Entered Level 10 of the Dungeon
  9522 | D:10     | Found a staircase to the Lair.
  9557 | D:10     | Noticed Sonja
  9639 | D:10     | Killed Sonja
  9850 | D:10     | Reached skill level 5 in Shields
 10072 | D:10     | Found a shadowy altar of Dithmenos.
 10536 | D:11     | Reached skill level 10 in Spellcasting
 10645 | D:11     | Noticed a cyclops
 10649 | D:11     | Killed a cyclops
 10650 | D:11     | Reached skill level 12 in Earth Magic
 10650 | D:11     | Reached XP level 11. HP: 54/54 MP: 15/25
 10717 | D:11     | Reached * piety under Vehumet
 10717 | D:11     | Offered knowledge of Kiss of Death by Vehumet.
 11732 | Lair:1   | Entered Level 1 of the Lair of Beasts
 11799 | Lair:1   | You fall into a shaft and drop 1 floor!
 11991 | Lair:1   | Found a dark tunnel.
 12000 | Volcano  | Entered a volcano
 12213 | Volcano  | Noticed a stone giant
 12234 | Volcano  | Killed a stone giant
 12408 | Lair:1   | Noticed an oklob plant
 12649 | Lair:1   | Reached skill level 13 in Earth Magic
 12652 | Lair:1   | Reached ** piety under Vehumet
 12652 | Lair:1   | Offered knowledge of Momentum Strike by Vehumet.
 12653 | Lair:1   | Reached XP level 12. HP: 59/59 MP: 12/28
 12816 | Lair:1   | Noticed a catoblepas
 12816 | Lair:1   | Noticed a dire elephant
 12836 | Lair:1   | Found a runed translucent door.
 12895 | Lair:1   | Noticed a four-headed hydra
 12902 | Lair:1   | Killed a four-headed hydra
 12903 | Lair:1   | Reached skill level 5 in Conjurations
 13105 | Lair:1   | Reached skill level 1 in Fighting
 13253 | Lair:1   | Found a basalt altar of Yredelemnul.
 14151 | Lair:2   | Found a staircase to the Shoals.
 14197 | Lair:2   | Offered knowledge of Static Discharge by Vehumet.
 14563 | Lair:3   | Reached skill level 5 in Stealth
 14910 | Lair:3   | Noticed Josephine
 14926 | Lair:3   | Reached skill level 1 in Maces & Flails
 14944 | Lair:3   | Killed Josephine
 14958 | Lair:3   | Reached *** piety under Vehumet
 14959 | Lair:3   | Reached skill level 14 in Earth Magic
 15585 | Lair:3   | Offered knowledge of Olgreb's Toxic Radiance by Vehumet.
 15590 | Lair:3   | Learned a level 3 spell: Dazzling Flash
 15708 | Lair:3   | Reached skill level 5 in Fighting
 15708 | Lair:3   | Reached XP level 13. HP: 67/72 MP: 30/30
 15913 | Lair:3   | Found a runed translucent door.
 15913 | Lair:3   | Noticed Biped's ghost (journeyman KoFi)
 16082 | Lair:3   | Found a hole to the Spider Nest.
 16827 | Lair:4   | HP: 3/74 [wyvern (13)]
 16896 | Lair:4   | Mangled by a cane toad

Illustrated notes

Levels and vault maps discovered:
D:1:      dpeg_arrival_round_a, layout_basic
D:2:      layout_basic, uniq_natasha
D:3:      layout_loops_corners, nicolae_hepliaklqana_monster_ancestors,
          serial_shops, nicolae_shop_getting_attention,
          minmay_misc_feat_hallway, uniq_jessica
D:4:      layout_loops_cross, serial_shops, shop, minmay_cupped
D:5:      layout_loops_ring, serial_bayou, serial_bayou_lake_a,
          serial_bayou_pond_d, serial_bayou_pond_c, serial_bayou_pond_b,
          serial_bayou_shore_b
D:6:      layout_rooms, minmay_temple_entry_junction, minmay_increasing_density
D:7:      layout_cave_pods, serial_shops, shop
D:8:      kennysheep_big_flooded_room, layout_basic, serial_bayou,
          serial_bayou_lagoon_a, serial_bayou_pond_a, serial_bayou_pond_e,
          serial_bayou_ford_a, reono_crystal_passage
D:9:      layout_basic, grunt_temple_overflow_cloverleaf, grunt_qazlal_clouds,
          minmay_orc_entry_guard_dogs
D:10:     layout_cave_pools, mainiacjoe_overflow_alcove_2, david_lair_shrubbed,
          uniq_sonja
D:11:     layout_long_grid, minmay_fire_ice_demons
Temple:   regret_index_temple_generic_petals
Lair:1:   gammafunk_lair_enchanted_lake, layout_regular_city,
          nicolae_volcano_entry_two_sided, lemuel_oklob_altar
Lair:2:   layout_chaotic_city, elwin_shoals_entry_stream
Lair:3:   cheibrodos_lair_river_kwai, layout_layer_cave,
          nicolae_spider_entry_orb_guardian, ebering_ghost_inner_flame,
          small_statue_intersection, chequers_serial_rivers_room_b,
          lemuel_fruit_tree, serial_bayou_shore_a, grunt_megastairs_3,
          serial_bayou_shore_b, uniq_josephine
Lair:4:   layout_cellular_growth, chequers_serial_rivers_small_a,
          beast_lair_carwin_4, infiniplex_staircase_pool_2, grunt_megastairs_1

Skill      XL: |  1  2  3  4  5  6  7  8  9 10 11 12 13 |
---------------+----------------------------------------+-----
Earth Magic    | 4 5 6 7 9 10 12 13 14 | 14.6
Spellcasting   | 3 4 5 6 7 8 10 12 13 | 13.6
Stealth        | 3 4 5 |  5.0
Dodging        | 2 3 4 |  4.2
Conjurations   | 1 2 4 5 |  5.5
Shields        | 3 5 6 |  6.7
Fighting       | 5 |  5.7
Maces & Flails | 1 2 |  2.3
Transmutations | |  0.7
Evocations     | |  0.2

Action                     |  1- 3 |  4- 6 |  7- 9 | 10-12 | 13-15 || total
---------------------------+-------+-------+-------+-------+-------++-------
  Melee: Short sword       |       |       |    11 |     1 |       ||    12
         Whip              |       |       |       |   115 |    25 ||   140
   Cast: Sandblast         |    40 |    69 |   106 |   214 |    46 ||   475
         Stone Arrow       |       |     4 |    47 |   126 |    19 ||   196
         Brom's Barrelling |       |       |       |     7 |       ||     7
         Dazzling Flash    |       |       |       |       |     1 ||     1
  Evoke: Wand              |       |       |     2 |     4 |       ||     6
    Use: Scroll            |     5 |     9 |     7 |     3 |       ||    24
         Potion            |       |     2 |       |    12 |     4 ||    18
 Armour: Robe              |     8 |    15 |    48 |   239 |    51 ||   361
         Skin              |     1 |       |       |       |       ||     1
  Dodge: Dodged            |    16 |    12 |    72 |   285 |    83 ||   468
  Block: Buckler           |       |       |     5 |    92 |    22 ||   119
         Form:             |     1 |       |       |       |       ||     1
         Anaconda          |     1 |       |       |       |       ||     1

Table legend: (Time is in decaauts)
 A = Elapsed time spent in this place.
 B = Non-inter-level travel time spent in this place.
 C = Inter-level travel time spent in this place.
 D = Time resting spent in this place.
 E = Time spent auto-exploring this place.
 F = Levels seen in this place.
 G = Mean time per level.
                   A        B        C        D        E       F      G
               +--------+--------+--------+--------+--------+-----+--------+
         Total |  17259 |  16363 |    896 |   1627 |  11143 |  17 | 1015.2 |
       Dungeon |  11839 |  11233 |    606 |   1133 |   7714 |  11 | 1076.3 |
        Temple |    229 |     45 |    184 |      0 |      0 |   1 |  229.0 |
          Lair |   4909 |   4803 |    106 |    453 |   3314 |   4 | 1227.2 |
       Volcano |    280 |    280 |      0 |     41 |    115 |   1 |  280.0 |
               +--------+--------+--------+--------+--------+-----+--------+

Top non-repeatable levels by time:
  Lair:3: 2048 daAuts
     D:9: 1410 daAuts
    D:11: 1397 daAuts
  Lair:2: 1309 daAuts
     D:8: 1307 daAuts
     D:3: 1203 daAuts
  Lair:1: 1191 daAuts
     D:5: 1090 daAuts
     D:4: 1014 daAuts
     D:1: 951 daAuts
     D:6: 950 daAuts
    D:10: 933 daAuts
     D:7: 888 daAuts
     D:2: 691 daAuts
  Lair:4: 359 daAuts
